Map: Last Fantasy LE

Players

ManlyManMeat - Winner!

  • Race: Zerg Zerg
  • League: Diamond
  • Spawn Location: 3:00

VOD

Have the link to the VOD?

Description

Time

  • Played on: June 22, 2025, 4:39 p.m.
  • Length: 11:50
Show
View Real Time Build Order
Export as new Build Order

ManlyManMeat Zerg - Winner!

Build Orders:  

Get SALT Encoding   

  12  0:00  Drone  
  13  0:11  Drone  
  14  0:23  Drone, Extractor  
  15  0:54  Overlord  
  15  1:04  Hatchery  
  15  1:09  Drone, Extractor  
  15  1:20  Drone x2  
  15  1:25  Drone  
  18  1:45  Extractor  
  18  1:47  Spawning Pool  
  16  1:52  Drone  
  16  1:57  Drone  
  18  2:10  Drone  
  19  2:26  Drone  
  20  2:52  Queen x2  
  20  2:54  Zergling x4  
  20  2:57  Overlord  
  26  3:18  Drone x2  
  28  3:22  Drone  
  28  3:27  Drone  
  30  3:37  Drone  
  31  3:43  Overlord  
  31  3:53  Drone  
  32  4:02  Hatchery  
  32  4:09  Drone x2  
  33  4:10  Metabolic Boost  
  32  4:24  Queen  
  32  4:25  Drone x2  
  36  4:31  Overlord  
  36  4:40  Drone x3  
  36  4:49  Zergling x4  
  41  4:59  Drone  
  42  5:12  Extractor  
  41  5:22  Drone x3  
  41  5:23  Drone x4  
  41  5:24  Drone  
  41  5:29  Overlord  
  49  5:34  Overlord  
  49  5:41  Baneling Nest  
  49  5:42  Drone  
  49  5:46  Drone  
  50  5:50  Evolution Chamber  
  50  5:54  Queen  
  50  5:58  Queen  
  53  6:06  Drone x3  
  56  6:20  Drone x2  
  56  6:21  Drone  
  56  6:22  Extractor  
  56  6:23  Drone  
  56  6:24  Drone  
  56  6:27  Drone  
  61  6:30  Drone  
  61  6:35  Lair  
  62  6:59  Zerg Melee Weapons Level 1  
  62  7:05  Drone x2, Evolution Chamber  
  62  7:06  Drone x4  
  62  7:08  Drone  
  62  7:09  Drone x2  
  70  7:24  Drone x2  
  70  7:26  Drone, Hatchery  
  70  7:29  Baneling  
  72  7:30  Zergling x2, Baneling x5  
  72  7:31  Hatchery  
  72  7:33  Overlord  
  72  7:51  Zergling x8  
  74  8:04  Zergling x4  
  74  8:05  Zergling x12  
  79  8:15  Zergling x6  
  81  8:23  Zergling x2  
  80  8:48  Centrifugal Hooks  
  80  8:54  Zergling x2  
  80  8:56  Overlord x4  
  80  8:59  Zerg Ground Armor Level 1  
  81  9:05  Baneling x2  
  81  9:06  Baneling x10  
  81  9:19  Zergling x14  
  88  9:20  Zergling x2  
  89  9:42  Zergling x22  
  100  9:52  Zergling x2  
  100  9:53  Zergling x6  
  100  9:58  Hatchery  
  97  10:11  Zergling x4  
  97  10:12  Zergling x12  
  97  10:16  Hatchery  
  97  10:19  Zergling x12  
  110  10:20  Baneling x4  
  110  10:56  Zergling x24  
  113  11:11  Zergling x10  
  113  11:12  Zergling x14  
Tags
 
League
Diamond
Matchup
Co-op
Replay Pack
Myownreplay2
Add a new tag
Caveats
  • Supply blocks, unpowered buildings, or Contaminate may cause inaccurate times.
  • Supply counts are checked every 10 seconds.